 Dungeon Crawl Stone Soup version 0.23.1-37-gaa34b87 (webtiles) character file.

Game seed: 15850438080625288303

5518 Wimp the Grappler (level 10, -1/94 HPs)
             Began as a Troll Fighter on Mar 25, 2019.
             Was a Priest of Elyvilon.
             Slain by a soldier ant (6 damage)
             ... on level 9 of the Dungeon.
             The game lasted 00:18:11 (7212 turns).

Wimp the Grappler (Troll Fighter)                   Turns: 7212, Time: 00:18:12

Health: -1/94      AC:  9    Str: 27    XL:     10   Next: 43%
Magic:  9/9        EV:  9    Int:  6    God:    Elyvilon [***...]
Gold:   433        SH: 10    Dex:  9    Spells: 7/9 levels left

rFire    . . .     SeeInvis .     - Unarmed
rCold    . . .     Gourm    +   b - +0 shield
rNeg     . . .     Faith    .   F - +0 robe (curse)
rPois    .         Spirit   .   (helmet restricted)
rElec    .         Reflect  .   C - +2 cloak
rCorr    .         Harm     .   (gloves unavailable)
MR       .....                  (boots unavailable)
Stlth    +.........             (no amulet)
HPRegen  0.65/turn              B - ring of wizardry
MPRegen  0.11/turn              (no ring)

@: lethally poisoned (-1 -> -4), hasted and slowed
A: large, unfitting armour, claws 3, fast metabolism 3, gourmand, regeneration
1, shaggy fur 1, tough skin 3
a: Lesser Healing, Heal Other, Purification, Divine Protection, Renounce
Religion


You were on level 9 of the Dungeon.
You worshipped Elyvilon.
Elyvilon was most pleased with you.
You were very full.

You visited 2 branches of the dungeon, and saw 10 of its levels.

You collected 433 gold pieces.

Inventory:

Hand Weapons
 y - the +5 hand axe of Fuxkim {pain, Int+6}
   (You found it on level 5 of the Dungeon)

   In the hands of one skilled in necromantic magic, it inflicts extra damage on
   living creatures.
   It affects your intelligence (+6).
   Elyvilon disapproves of the use of such an item.
Missiles
 t - 4 tomahawks (quivered)
Armour
 a - a +0 robe
 b - a +0 shield (worn)
 C - a +2 cloak (worn)
 F - a cursed +0 robe (worn)
Magical Staves
 r - an uncursed staff of power
 z - an uncursed staff of wizardry
Jewellery
 m - an uncursed amulet of magic regeneration
 B - a ring of wizardry (left claw)
Wands
 p - a wand of flame (34)
 D - a wand of polymorph (10)
 E - a wand of digging (5)
Scrolls
 f - 2 scrolls of blinking
 i - a scroll of teleportation
 k - 2 scrolls of random uselessness
 n - 3 scrolls of remove curse
 v - 2 scrolls of magic mapping {unknown}
 w - a scroll of silence {unknown}
 x - a scroll of enchant armour
 G - 2 scrolls of identify
 H - a scroll of fear {unknown}
Potions
 c - 4 potions of might
 g - 3 potions of agility
 h - 3 potions of lignification
 j - a potion of magic {unknown}
 l - 2 potions of curing {unknown}
 o - 3 potions of brilliance
 q - a potion of heal wounds {unknown}
 s - 3 potions of flight
 u - a potion of cancellation {unknown}
 A - 2 potions of haste
Comestibles
 d - 17 rations


   Skills:
 + Level 4.7 Fighting
 - Level 2.7 Dodging
 - Level 0.1 Stealth
 + Level 7.0 Shields
 + Level 12.1 Unarmed Combat
 * Level 0.3 Spellcasting
 * Level 0.6 Charms
 * Level 0.6 Air Magic


You had 7 spell levels left.
You knew the following spells:

 Your Spells              Type           Power        Failure   Level  Hunger
a - Swiftness             Chrm/Air       #.......     32%         2    ###....

Your spell library contained the following spells:

 Spells                   Type           Power        Failure   Level  Hunger
 Shock                    Conj/Air       #...         26%         1    ##.....
 Static Discharge         Conj/Air       #.......     58%         3    ####...
 Airstrike                Air            #.........   89%         4    #####..
 Lightning Bolt           Conj/Air       #.........   99%         5    ######.


Dungeon Overview and Level Annotations

Branches:
Dungeon (9/15)             Temple (1/1) D:4
   Lair: D:8-11         Orc: D:9-12

Altars:
Ashenzari
Cheibriados
Dithmenos
Elyvilon
Fedhas
Gozag
Hepliaklqana
Kikubaaqudgha
Makhleb
Nemelex Xobeh
Okawaru
Qazlal
Ru
Sif Muna
Trog
Uskayaw
Vehumet
Wu Jian
Xom
Yredelemnul
Zin
The Shining One

Shops:
D:6 %

Annotations:
D:8 2 runed translucent doors, exclusions: downstairs and orange crystal statue


Innate Abilities, Weirdness & Mutations

You are too large for most types of armour.
You have claws for hands.
Your metabolism is lightning-fast.
You like to eat raw meat.
Your natural rate of healing is unusually fast.
You are covered in fur. (AC +1)
You have extremely tough skin. (AC +3)


Message History

You claw the hornet!
You kill the hornet!
You feel very sick.
You mangle the worker ant!!
You kill the worker ant!
Your Shields skill increases to level 7!
You feel sick.
You feel very sick. The soldier ant stings you!
* * * LOW HITPOINT WARNING * * *
You barely miss the soldier ant.
You feel sick. The soldier ant stings you.
* * * LOW HITPOINT WARNING * * *
All of the chunks of flesh in your inventory have rotted away.
You barely miss the soldier ant.
You feel sick. The soldier ant stings you!
* * * LOW HITPOINT WARNING * * *
You feel yourself speed up.
* * * LOW HITPOINT WARNING * * *
You feel very sick. The soldier ant stings you.
You die...

.................................
.................................
......#...............#..........
..)).............................
..)..............................
....#..........#.................
######........................#..
# ##....#........................
###..........†##@####.........#)(
.###..........##a#.###........)##
###...........#.#.###.......#....
.#.....#......##.#.#........#....
###...........#a#.###.##.......#.
.###.#.#......##.# #.###.......##
....###.......### ##..#.......##
...............# #..#.#....###
...............# #.........#


You could see a soldier ant.

Vanquished Creatures
  Joseph (D:9)
  2 hornets (D:9)
  3 hippogriffs
  A wyvern (D:7)
  5 yaks (D:9)
  A hungry ghost (D:7)
  Menkaure (D:4)
  An orc warrior (D:7)
  2 phantoms
  3 ice beasts
  2 sky beasts
  2 black bears
  2 ogres
  4 centaurs
  5 bullfrogs
  A scorpion (D:7)
  11 killer bees
  2 centaur zombies
  3 crimson imps
  2 hounds
  5 orc priests
  4 orc wizards
  A jelly (D:7)
  5 worker ants
  2 iguanas
  A hound zombie (D:5)
  3 gnolls (D:9)
  6 adders
  A shadow imp (D:9)
  An adder skeleton (D:6)
  3 worms (D:2)
  4 dart slugs
  A leopard gecko (D:6)
  25 orcs
  5 giant cockroaches
  8 goblins
  5 hobgoblins
  9 jackals
  A quokka (D:3)
  A ball python (D:3)
  10 bats
  5 frilled lizards
  2 gnoll zombies (D:6)
  5 kobolds
  5 rats
172 creatures vanquished.

Notes
Turn   | Place    | Note
-------+----------+-------------------------------------------
     0 | D:1      | Wimp the Troll Fighter began the quest for the Orb.
     0 | D:1      | Reached XP level 1. HP: 22/22 MP: 0/0
   220 | D:1      | Reached XP level 2. HP: 26/29 MP: 1/1
   258 | D:1      | You fall through a shaft!
   565 | D:1      | Reached XP level 3. HP: 35/36 MP: 2/2
   943 | D:2      | Found a shadowy altar of Dithmenos.
  1709 | D:3      | Reached skill level 3 in Unarmed Combat
  1709 | D:3      | Reached XP level 4. HP: 27/44 MP: 3/3
  1734 | D:3      | Reached XP level 5. HP: 12/52 MP: 4/4
  2082 | D:3      | Reached skill level 4 in Unarmed Combat
  2279 | D:4      | Noticed a phantom
  2297 | D:4      | Killed a phantom
  2297 | D:4      | Reached XP level 6. HP: 46/61 MP: 5/5
  2398 | D:4      | Noticed Menkaure
  2416 | D:4      | Killed Menkaure
  2416 | D:4      | Reached skill level 5 in Unarmed Combat
  2434 | D:4      | Found a staircase to the Ecumenical Temple.
  2461 | D:4      | Found a stormy altar of Qazlal.
  2579 | D:4      | Reached XP level 7. HP: 19/67 MP: 6/6
  2903 | Temple   | Entered the Ecumenical Temple
  2918 | Temple   | Became a worshipper of Elyvilon the Healer
  2947 | D:5      | Entered Level 5 of the Dungeon
  2972 | D:5      | Reached skill level 6 in Unarmed Combat
  3133 | D:5      | Found a shadowy altar of Dithmenos.
  3161 | D:5      | Got an ebony hand axe
  3162 | D:5      | Identified the +5 hand axe of Fuxkim {pain, Int+6} (You
                  | found it on level 5 of the Dungeon)
  3198 | D:5      | Reached * piety under Elyvilon
  3442 | D:6      | Found a basalt altar of Yredelemnul.
  3579 | D:6      | Reached skill level 7 in Unarmed Combat
  3603 | D:6      | Found Wicsylli's Food Shoppe.
  3687 | D:6      | Reached XP level 8. HP: 53/75 MP: 7/7
  4116 | D:7      | Noticed a hippogriff
  4134 | D:7      | Killed a hippogriff
  4134 | D:7      | Reached skill level 8 in Unarmed Combat
  4272 | D:7      | Reached ** piety under Elyvilon
  4420 | D:7      | Reached skill level 5 in Shields
  4420 | D:7      | Reached skill level 9 in Unarmed Combat
  4623 | D:7      | Reached XP level 9. HP: 70/84 MP: 8/8
  4776 | D:7      | Found a shattered altar of Ashenzari.
  5052 | D:7      | Found a glowing silver altar of Zin.
  5114 | D:7      | Found a hide-covered altar of Uskayaw.
  5171 | D:7      | Found a glowing golden altar of the Shining One.
  5382 | D:8      | Reached skill level 10 in Unarmed Combat
  5601 | D:8      | Found a runed translucent door.
  5608 | D:8      | Found the +10 large shield of Ignorance {rN+ Int-4}
  5610 | D:8      | Noticed an orange crystal statue
  5622 | D:8      | Found a runed translucent door.
  5663 | D:8      | Reached *** piety under Elyvilon
  6206 | D:9      | Noticed Joseph
  6229 | D:9      | Killed Joseph
  6229 | D:9      | Reached skill level 11 in Unarmed Combat
  6365 | D:9      | Reached XP level 10. HP: 92/94 MP: 9/9
  6654 | D:9      | Reached skill level 12 in Unarmed Combat
  6852 | D:9      | Learned a level 2 spell: Swiftness
  7212 | D:9      | Slain by a soldier ant

Skill      XL: |  1  2  3  4  5  6  7  8  9 10 |
---------------+-------------------------------+-----
Shields        | 3 4 5 6 7 |  7.0
Unarmed Combat | 3 4 5 7 9 11 12 | 12.1
Fighting       | 3 4 |  4.7
Dodging        | |  2.7
Stealth        | |  0.1
Spellcasting   | |  0.3
Charms         | |  0.6
Air Magic      | |  0.6

Action                   |  1- 3 |  4- 6 |  7- 9 | 10-12 || total
-------------------------+-------+-------+-------+-------++-------
Melee: Unarmed           |   142 |   104 |   305 |    92 ||   643
  Use: Scroll            |       |       |    11 |     5 ||    16
       Potion            |       |       |       |     1 ||     1
  Eat: Chunk             |    21 |     8 |    46 |     7 ||    82
Armor: Robe              |    52 |    26 |    70 |    19 ||   167
Dodge: Dodged            |    43 |    27 |    99 |    26 ||   195
Block: Shield            |    71 |    26 |   132 |    35 ||   264
